BSA
ST. LOUIS BROWNS @ GREENVILLE 84S
05/28/2027
 
TOP OF THE 1ST
St. Louis Browns batting - Pitching for Greenville 84s : LHP Eduardo Trujillo
Pitching: LHP Eduardo Trujillo
Batting: RHB José Flores 0-0: Ball
1-0: Swinging Strike
1-1: Called Strike
1-2: Ball
2-2: Reached via error on a dropped throw, E1
Batting: RHB Paco Castillo 0-0: Called Strike
0-1: Ball
1-1: Called Strike
1-2: Strikes out swinging
Batting: RHB Mario Rosales 0-0: Ball
1-0: Ground out 5-3 (Groundball, 56S)
José Flores to second
Batting: RHB António Venecia 0-0: Ball
1-0: Ground out 5-3 (Groundball, 56S)
Top of the 1st over - 0 run(s), 0 hit(s), 1 error(s), 1 left on base; St. Louis 0 - Greenville 0
BOTTOM OF THE 1ST
Greenville 84s batting - Pitching for St. Louis Browns : RHP Aaron Palmer
Pitching: RHP Aaron Palmer
Batting: RHB Carlos Torres 0-0: Called Strike
0-1: Foul Ball, location: 2F
0-2: Foul Ball, location: 2F
0-2: Ball
1-2: Ball
2-2: Ball
3-2: Ground out 4-3 (Groundball, 4)
Batting: LHB Chris Moore 0-0: Swinging Strike
0-1: Ball
1-1: Foul Ball, location: 2F
1-2: Fly out, F9 (Line Drive, 9S)
Batting: RHB Enzo Díaz 0-0: Ball
1-0: Swinging Strike
1-1: Hit by Pitch
Batting: LHB Paco Rosas 0-0: Called Strike
Enzo Díaz steals 2nd base
0-1: Called Strike
0-2: Ball
1-2: Ball
2-2: Foul Ball, location: 2F
2-2: Ball
3-2: Base on Balls
Batting: LHB Jimmy Vickers 0-0: Fielders Choice at 2nd, 6-4 (Groundball, 6)
Bottom of the 1st over - 0 run(s), 0 hit(s), 0 error(s), 1 left on base; St. Louis 0 - Greenville 0
TOP OF THE 2ND
St. Louis Browns batting - Pitching for Greenville 84s : LHP Eduardo Trujillo
Batting: RHB Domingo Romero 0-0: Called Strike
0-1: Called Strike
0-2: Strikes out swinging
Batting: LHB Robin Hill 0-0: Ball
1-0: Ball
2-0: Ball
3-0: Called Strike
3-1: Base on Balls
Batting: SHB Ryobe Yamamoto 0-0: Foul Ball, location: 2F
0-1: Foul Ball, location: 2F
0-2: Foul Ball, location: 2F
0-2: Fly out, F9 (Flyball, 9S)
Batting: RHB Anthony Rucker 0-0: Fly out, F5 (Popup, 5L)
Top of the 2nd over - 0 run(s), 0 hit(s), 0 error(s), 1 left on base; St. Louis 0 - Greenville 0
BOTTOM OF THE 2ND
Greenville 84s batting - Pitching for St. Louis Browns : RHP Aaron Palmer
Batting: LHB José Costa 0-0: Foul Ball, location: 2F
0-1: Foul Ball, location: 2F
0-2: Strikes out swinging
Batting: RHB Vic Langlois 0-0: Ball
1-0: Foul Ball, location: 2F
1-1: Foul Ball, location: 2F
1-2: Ball
2-2: Strikes out looking and he ARGUES THE CALL AND IS TOSSED!
Batting: LHB Robert Moore 0-0: Ball
1-0: Ball
2-0: Called Strike
2-1: SINGLE (Groundball, 4D)
Batting: LHB Mario Cornelo 0-0: Swinging Strike
0-1: Foul Ball, location: 2F
0-2: Strikes out swinging
Bottom of the 2nd over - 0 run(s), 1 hit(s), 0 error(s), 1 left on base; St. Louis 0 - Greenville 0
TOP OF THE 3RD
St. Louis Browns batting - Pitching for Greenville 84s : LHP Eduardo Trujillo
Now at SS: Brock Larsen
Batting: LHB Tommy Evans 0-0: Called Strike
0-1: Foul Ball, location: 2F
0-2: Ball
1-2: SINGLE (Line Drive, 34D)
Batting: RHB José Flores 0-0: Ball
1-0: Called Strike
1-1: Foul Ball, location: 2F
1-2: DOUBLE (Groundball, 5L)
Tommy Evans to third
Runner from 3rd tries for Home, SAFE, no throw
Batting: RHB Paco Castillo 0-0: DOUBLE (Line Drive, 7)
José Flores scores
Batting: RHB Mario Rosales 0-0: Ground out 4-3 (Groundball, 4)
Paco Castillo to third
Batting: RHB António Venecia 0-0: Ball
1-0: Swinging Strike
1-1: Ball
2-1: Foul Ball, location: 2F
2-2: Foul Ball, location: 2F
2-2: Strikes out swinging
Batting: RHB Domingo Romero 0-0: Ball
1-0: Foul Ball, location: 2F
1-1: Called Strike
1-2: Ball
2-2: Ball
3-2: Strikes out swinging
Top of the 3rd over - 2 run(s), 3 hit(s), 0 error(s), 1 left on base; St. Louis 2 - Greenville 0
BOTTOM OF THE 3RD
Greenville 84s batting - Pitching for St. Louis Browns : RHP Aaron Palmer
Batting: RHB Carlos Torres 0-0: Called Strike
0-1: Ball
1-1: Ground out 6-3 (Groundball, 6)
Batting: LHB Chris Moore 0-0: Swinging Strike
0-1: Fly out, F7 (Flyball, 7)
Batting: RHB Enzo Díaz 0-0: Ball
1-0: Ball
2-0: Fly out, F7 (Line Drive, 7LM)
Bottom of the 3rd over - 0 run(s), 0 hit(s), 0 error(s), 0 left on base; St. Louis 2 - Greenville 0
TOP OF THE 4TH
St. Louis Browns batting - Pitching for Greenville 84s : LHP Eduardo Trujillo
Batting: LHB Robin Hill 0-0: Ball
1-0: Called Strike
1-1: Ground out 4-3 (Groundball, 4)
Batting: SHB Ryobe Yamamoto 0-0: Called Strike
0-1: Swinging Strike
0-2: Ball
1-2: SINGLE (Line Drive, 89S)
Batting: RHB Anthony Rucker 0-0: Ball
1-0: Ball
2-0: SINGLE (Flyball, 8LS)
Ryobe Yamamoto to second
Runner from 2nd tries for 3rd, SAFE, throw made to third
Anthony Rucker to second
Batting: LHB Tommy Evans 0-0: Foul Ball, location: 2F
0-1: Foul Ball, location: 2F
0-2: Ground out U3 (Groundball, 34)
Ryobe Yamamoto scores
Anthony Rucker to third
Batting: RHB José Flores 0-0: Called Strike
0-1: Ball
1-1: SINGLE (Line Drive, 9S)
Anthony Rucker scores
Batting: RHB Paco Castillo Pickoff Throw to First - Error! E1
José Flores to second
0-0: Ball
1-0: Fly out, F8 (Flyball, 8RD)
Top of the 4th over - 2 run(s), 3 hit(s), 1 error(s), 1 left on base; St. Louis 4 - Greenville 0
BOTTOM OF THE 4TH
Greenville 84s batting - Pitching for St. Louis Browns : RHP Aaron Palmer
Batting: LHB Paco Rosas 0-0: Ball
1-0: SINGLE (Line Drive, 4D)
Batting: LHB Jimmy Vickers 0-0: Called Strike
0-1: Foul Ball, location: 2F
0-2: Ball
1-2: Ball
2-2: 2-RUN HOME RUN (Flyball, 9LD), Distance : 330 ft
Batting: LHB José Costa 0-0: Ball
1-0: Ground out 4-3 (Groundball, 4)
Batting: LHB Brock Larsen 0-0: Called Strike
0-1: Swinging Strike
0-2: Strikes out swinging
Batting: LHB Robert Moore 0-0: Ball
1-0: Ball
2-0: Called Strike
2-1: Called Strike
2-2: Ball
3-2: Strikes out swinging
Bottom of the 4th over - 2 run(s), 2 hit(s), 0 error(s), 0 left on base; St. Louis 4 - Greenville 2
TOP OF THE 5TH
St. Louis Browns batting - Pitching for Greenville 84s : LHP Eduardo Trujillo
Batting: RHB Mario Rosales 0-0: Ball
1-0: Foul Ball, location: 2F
1-1: Ball
2-1: Foul Ball, location: 2F
2-2: Ball
3-2: Foul Ball, location: 2F
3-2: Base on Balls
Batting: RHB António Venecia 0-0: Ball
1-0: Ball
2-0: Ball
3-0: Base on Balls
Mario Rosales to second
Batting: RHB Domingo Romero 0-0: Called Strike
0-1: Ball
1-1: Called Strike
1-2: Foul Ball, location: 2F
1-2: Ball
2-2: Ball
3-2: Foul Ball, location: 2F
3-2: Grounds into double play, 4-6-3 (Groundball, 4)
Mario Rosales to third
Batting: LHB Robin Hill 0-0: Fly out, F9 (Flyball, 9LMF)
Top of the 5th over - 0 run(s), 0 hit(s), 0 error(s), 1 left on base; St. Louis 4 - Greenville 2
BOTTOM OF THE 5TH
Greenville 84s batting - Pitching for St. Louis Browns : RHP Aaron Palmer
Batting: LHB Mario Cornelo 0-0: Ball
1-0: Called Strike
1-1: Foul Ball, location: 2F
1-2: Ball
2-2: Foul Ball, location: 2F
2-2: Ball
3-2: Foul Ball, location: 2F
3-2: Ground out 5-3 (Groundball, 56)
Batting: RHB Carlos Torres 0-0: Ball
1-0: Called Strike
1-1: Called Strike
1-2: Foul Ball, location: 2F
1-2: Fly out, F9 (Flyball, 89XD)
Batting: LHB Chris Moore 0-0: Called Strike
0-1: Ball
1-1: Foul Ball, location: 2F
1-2: Foul Ball, location: 2F
1-2: Strikes out swinging
Bottom of the 5th over - 0 run(s), 0 hit(s), 0 error(s), 0 left on base; St. Louis 4 - Greenville 2
TOP OF THE 6TH
St. Louis Browns batting - Pitching for Greenville 84s : LHP Eduardo Trujillo
Pitching: RHP Jing-xiang Fa
Batting: SHB Ryobe Yamamoto 0-0: Foul Ball, location: 2F
0-1: Called Strike
0-2: Ground out 4-3 (Groundball, 4)
Batting: RHB Anthony Rucker 0-0: Foul Ball, location: 2F
0-1: Fly out, F9 (Flyball, 9)
Batting: LHB Tommy Evans 0-0: Foul Ball, location: 2F
0-1: Ball
1-1: Ball
2-1: Swinging Strike
2-2: Foul Ball, location: 2F
2-2: SINGLE (Groundball, 4D)
Batting: RHB José Flores 0-0: Called Strike
0-1: Ball
1-1: Ball
2-1: Fly out, F5 (Line Drive, 56)
Top of the 6th over - 0 run(s), 1 hit(s), 0 error(s), 1 left on base; St. Louis 4 - Greenville 2
BOTTOM OF THE 6TH
Greenville 84s batting - Pitching for St. Louis Browns : RHP Aaron Palmer
Batting: RHB Enzo Díaz 0-0: Ball
1-0: Called Strike
1-1: Foul Ball, location: 2F
1-2: Ball
2-2: Ball
3-2: SINGLE (Popup, 6D)
Batting: LHB Paco Rosas 0-0: Foul Ball, location: 2F
0-1: Called Strike
0-2: Foul Ball, location: 2F
0-2: 2-RUN HOME RUN (Flyball, 9D), Distance : 340 ft
Batting: LHB Jimmy Vickers 0-0: Foul Ball, location: 2F
0-1: Swinging Strike
0-2: Ball
1-2: Ground out 4-3 (Groundball, 4)
Batting: LHB José Costa 0-0: Ball
1-0: Ball
2-0: Foul Ball, location: 2F
2-1: Swinging Strike
2-2: Foul Ball, location: 2F
2-2: Ball
3-2: SINGLE (Line Drive, 6)
Pitching: RHP John Allan
Batting: LHB Brock Larsen 0-0: Ball
1-0: Ball
2-0: Fly out, F6 (Line Drive, 6)
Batting: LHB Robert Moore 0-0: Ball
1-0: SINGLE (Line Drive, 34)
José Costa to second
Runner from 2nd tries for 3rd, SAFE, no throw
Batting: LHB Mario Cornelo 0-0: Fielders Choice at 2nd, 6-4 (Groundball, 6)
Bottom of the 6th over - 2 run(s), 4 hit(s), 0 error(s), 1 left on base; St. Louis 4 - Greenville 4
TOP OF THE 7TH
St. Louis Browns batting - Pitching for Greenville 84s : RHP Jing-xiang Fa
Pinch Hitting: LHB Stan Hickman 0-0: Foul Ball, location: 2F
0-1: Foul Ball, location: 2F
0-2: Ball
1-2: Ball
2-2: Ball
3-2: Fly out, F8 (Line Drive, 8LM)
Pinch Hitting: LHB Joe Sanders 0-0: Ball
1-0: Foul Ball, location: 2F
1-1: Foul Ball, location: 2F
1-2: Ball
2-2: Ball
3-2: Fly out, F7 (Flyball, 78S)
Batting: RHB António Venecia 0-0: Ball
1-0: Foul Ball, location: 2F
1-1: Foul Ball, location: 2F
1-2: Foul Ball, location: 2F
1-2: Ball
2-2: Ball
3-2: SINGLE (Flyball, 9LS)
Pitching: RHP Ángel Lara
Batting: RHB Domingo Romero 0-0: Ball
1-0: Ball
2-0: Called Strike
2-1: Foul Ball, location: 2F
2-2: Ball
3-2: Ground out 5-3 (Groundball, 56)
Top of the 7th over - 0 run(s), 1 hit(s), 0 error(s), 1 left on base; St. Louis 4 - Greenville 4
BOTTOM OF THE 7TH
Greenville 84s batting - Pitching for St. Louis Browns : RHP John Allan
Now in LF: Stan Hickman
Now in RF: Mike Hill
Batting: RHB Carlos Torres 0-0: Foul Ball, location: 2F
0-1: Called Strike
0-2: Ball
1-2: Ball
2-2: Foul Ball, location: 2F
2-2: Ball
3-2: Base on Balls
Batting: LHB Chris Moore 0-0: Ball
1-0: Sac Bunt - play at first, batter OUT! 5-4
Carlos Torres to second
Batting: RHB Enzo Díaz 0-0: Swinging Strike
0-1: Foul Ball, location: 2F
0-2: Ground out 4-3 (Groundball, 4)
Carlos Torres to third
Batting: LHB Paco Rosas 0-0: Ball
1-0: Ball
2-0: Ball
3-0: Called Strike
3-1: Base on Balls
Batting: LHB Jimmy Vickers 0-0: Ball
Paco Rosas is caught stealing 2nd base
Bottom of the 7th over - 0 run(s), 0 hit(s), 0 error(s), 0 left on base; St. Louis 4 - Greenville 4
TOP OF THE 8TH
St. Louis Browns batting - Pitching for Greenville 84s : RHP Ángel Lara
Batting: LHB Robin Hill 0-0: Ball
1-0: Ball
2-0: Ball
3-0: Base on Balls
Batting: SHB Ryobe Yamamoto 0-0: Sac Bunt - play at first, batter OUT! 2-4
Robin Hill to second
Batting: RHB Anthony Rucker 0-0: Intentional Walk
Batting: LHB Tommy Evans 0-0: Called Strike
Robin Hill steals 3rd base
Anthony Rucker to second
0-1: Swinging Strike
0-2: Ball
1-2: SINGLE (Groundball, 34D)
Robin Hill scores
Anthony Rucker to third
Runner from 3rd tries for Home, throw and OUT!
Batting: RHB José Flores 0-0: Ball
Tommy Evans steals 2nd base
1-0: Ball
2-0: Ball
3-0: Base on Balls
Batting: LHB Stan Hickman 0-0: Fly out, F6 (Line Drive, 6)
Top of the 8th over - 1 run(s), 1 hit(s), 0 error(s), 2 left on base; St. Louis 5 - Greenville 4
BOTTOM OF THE 8TH
Greenville 84s batting - Pitching for St. Louis Browns : RHP John Allan
Pitching: RHP Kitahachi Okada
Batting: LHB Jimmy Vickers 0-0: Fly out, F7 (Flyball, 7S)
Batting: LHB José Costa 0-0: Called Strike
0-1: Ball
1-1: Ground out U3 (Groundball, 34)
Batting: LHB Brock Larsen 0-0: Swinging Strike
0-1: Ball
1-1: Called Strike
1-2: Ball
2-2: Strikes out swinging
Bottom of the 8th over - 0 run(s), 0 hit(s), 0 error(s), 0 left on base; St. Louis 5 - Greenville 4
TOP OF THE 9TH
St. Louis Browns batting - Pitching for Greenville 84s : RHP Ángel Lara
Pitching: LHP Francisco Ríos
Batting: LHB Mike Hill 0-0: Ball
1-0: Called Strike
1-1: Called Strike
1-2: Foul Ball, location: 2F
1-2: Ball
2-2: DOUBLE (Line Drive, 89D)
Batting: RHB António Venecia 0-0: Intentional Walk
Batting: RHB Domingo Romero 0-0: Ball
1-0: Called Strike
1-1: Fielders Choice at 2nd, 6-4 (Groundball, 6)
Mike Hill to third
Batting: LHB Robin Hill 0-0: Called Strike
0-1: Ball
1-1: Foul Ball, location: 2F
1-2: Foul Ball, location: 2F
1-2: Ball
2-2: Foul Ball, location: 2F
2-2: Fielders Choice at 2nd, 4-6 (Groundball, 4)
Mike Hill scores
Pitching: RHP Pierre Deschênes
Batting: SHB Ryobe Yamamoto 0-0: Ball
Robin Hill steals 2nd base
1-0: Called Strike
1-1: Ball
2-1: Fly out, F7 (Line Drive, 78M)
Top of the 9th over - 1 run(s), 1 hit(s), 0 error(s), 1 left on base; St. Louis 6 - Greenville 4
BOTTOM OF THE 9TH
Greenville 84s batting - Pitching for St. Louis Browns : RHP Kitahachi Okada
Pitching: LHP Brent Miller
Batting: LHB Robert Moore 0-0: Ball
1-0: Ground out 6-3 (Groundball, 6)
Batting: LHB Mario Cornelo 0-0: Ball
1-0: Ground out 4-3 (Groundball, 4)
Batting: RHB Carlos Torres 0-0: Called Strike
0-1: Ball
1-1: Ground out 4-3 (Groundball, 4)
Bottom of the 9th over - 0 run(s), 0 hit(s), 0 error(s), 0 left on base; St. Louis 6 - Greenville 4
Thursday, March 30th, 2017 - OOTP Baseball 17.12 Build 75